AoeStats
← Beware of Bears

Arabia

503746756Analyzed
4v4 RM · 1mo ago on Sep 2, 2026· 62m 38s· 8 players
Game mode
Random Map
Map size
Large (8 player)
Population
200
Speed
Normal
Resources
Standard
Victory
Conquest
Starting age
Dark Age
Ending age
Imperial Age
RankedLock teamsTeams togetherTeam positionsShared explorationLock speedFull tech treeHidden civsTurbo modeCheats
Victory
Defeat
🇺🇸 Franks · United States
1161
+9
🇨🇱 Hindustanis · Chile
985
+17
🇺🇸 Mapuche · United States
953
+50
🇺🇸 Japanese · United States
829
+23
🇲🇽 Britons · Mexico
1040
-19
🇲🇽 Maya · Mexico
1020
-18
🇲🇽 Mongols · Mexico
1001
-17
🇲🇽 Vikings · Mexico
961
-15
theo
8:14 Loom
10:18 Feudal Age
13:49 Double-Bit Axe
18:02 Castle Age
18:05 Forging
21:25 Husbandry
22:09 Iron Casting
25:17 Wheelbarrow
27:20 Scale Barding Armor
27:49 Hand Cart
35:49 Imperial Age
33:59 Chain Barding Armor
34:41 Fletching
36:01 Cavalier
37:46 Blast Furnace
36:46 Scale Mail Armor
37:22 Plate Barding Armor
36:34 Elite Skirmisher
38:33 Conscription
40:33 Paladin
41:52 Bodkin Arrow
41:57 Padded Archer Armor
42:20 Ballistics
42:06 Siege Engineers
44:27 Chemistry
43:35 Chivalry
44:12 Hoardings
44:30 Bow Saw
46:20 Coinage
49:36 Leather Archer Armor
50:14 Light Cavalry
51:39 Masonry
51:40 Fortified Wall
Ryno
7:22 Loom
11:21 Feudal Age
12:23 Double-Bit Axe
13:17 Horse Collar
15:08 Gold Mining
17:46 Padded Archer Armor
17:36 Fletching
24:07 Forging
23:57 Scale Mail Armor
30:40 Castle Age
32:04 Bow Saw
31:58 Bodkin Arrow
32:14 Heavy Plow
33:18 Wheelbarrow
32:27 Elite Skirmisher
33:55 Thumb Ring
35:02 Chain Mail Armor
35:22 Leather Archer Armor
36:14 Ballistics
36:04 Squires
35:29 Pikeman
38:03 Crossbowman
40:12 Hand Cart
47:16 Gold Shaft Mining
48:13 Caravan
51:48 Town Watch
53:01 Stone Mining
58:14 Imperial Age
58:13 Iron Casting
57:42 Gambesons
57:17 Man-at-Arms
57:45 Arson
57:53 Arson
59:14 Conscription
58:16 Elite Samurai
58:18 Halberdier
60:13 Chemistry
60:34 Blast Furnace
60:04 Plate Mail Armor
61:16 Two-Man Saw
Beware of Bears
2:27 Loom
9:59 Feudal Age
13:11 Wheelbarrow
13:06 Double-Bit Axe
13:39 Horse Collar
26:27 Fletching
33:26 Castle Age
33:34 Padded Archer Armor
34:17 Stone Mining
34:18 Gold Mining
34:48 Hand Cart
34:46 Bow Saw
33:57 Elite Skirmisher
36:23 Bodkin Arrow
37:01 Heavy Plow
38:24 Leather Archer Armor
38:03 Pikeman
43:03 Malon
44:39 Ballistics
46:20 Murder Holes
46:36 Masonry
49:18 Imperial Age
46:37 Town Watch
47:27 Town Patrol
50:18 Butalmapu
51:01 Ring Archer Armor
52:58 Crop Rotation
54:33 Chemistry
54:04 Architecture
54:39 Conscription
57:06 Caravan
58:10 Hoardings
57:49 Siege Engineers
57:16 Elite Bolas Rider
60:15 Scale Mail Armor
60:26 Forging
Augus
9:57 Feudal Age
16:41 Castle Age
16:03 Double-Bit Axe
16:03 Horse Collar
18:06 Squires
22:37 Scale Mail Armor
24:32 Chain Mail Armor
27:33 Arson
30:09 Forging
32:08 Iron Casting
34:20 Gold Mining
42:54 Heavy Plow
47:41 Gold Shaft Mining
47:26 Bow Saw
51:26 Wheelbarrow
50:40 Loom
52:37 Hand Cart
57:07 Imperial Age
54:24 Town Watch
54:49 Caravan
55:52 Masonry
56:03 Ballistics
55:36 Fletching
57:40 Bodkin Arrow
59:00 Blast Furnace
59:48 Chemistry
59:31 Conscription
59:26 Elite Ghulam
Barquimides
10:40 Feudal Age
10:58 Man-at-Arms
12:22 Loom
14:19 Double-Bit Axe
14:51 Arson
17:00 Scale Mail Armor
20:36 Horse Collar
23:32 Castle Age
21:32 Gold Mining
22:43 Stone Mining
24:23 Long Swordsman
25:28 Squires
28:20 Forging
29:11 Gambesons
31:28 Iron Casting
36:33 Heavy Plow
42:48 Imperial Age
41:58 Chieftains
42:24 Chain Mail Armor
42:25 Town Watch
42:49 Two-Handed Swordsman
42:50 Pikeman
43:58 Conscription
47:25 Blast Furnace
49:34 Town Patrol
50:02 Light Cavalry
51:29 Crop Rotation
52:13 Plate Mail Armor
52:47 Champion
55:56 Fletching
Blutt_SWD
1:02 Loom
10:13 Feudal Age
11:37 Double-Bit Axe
15:31 Fletching
23:29 Castle Age
22:37 Padded Archer Armor
29:18 Light Cavalry
38:00 Horse Collar
47:06 Bow Saw
47:39 Wheelbarrow
48:51 Hand Cart
52:06 Husbandry
52:37 Gold Mining
55:40 Forging
56:59 Scale Barding Armor
Chorizo En Cajas
4:07 Loom
10:41 Feudal Age
16:47 Castle Age
16:56 Scale Barding Armor
17:05 Bloodlines
27:33 Husbandry
28:48 Chain Barding Armor
29:01 Double-Bit Axe
29:10 Fletching
29:23 Padded Archer Armor
30:24 Ballistics
30:16 Bodkin Arrow
31:09 Bow Saw
36:01 Imperial Age
34:29 Leather Archer Armor
37:03 Conscription
37:55 Chemistry
37:02 Bracer
36:50 Horse Collar
45:01 Chain Barding Armor
44:29 Light Cavalry
54:03 Wheelbarrow
55:47 Wheelbarrow
58:03 Heavy Plow
58:35 Hussar
60:18 Hand Cart
Mariostoteles
9:52 Feudal Age
10:48 Double-Bit Axe
15:41 Fletching
15:58 Loom
19:48 Castle Age
19:40 Padded Archer Armor
20:48 Crossbowman
22:01 Bodkin Arrow
26:06 Ballistics
26:57 Pikeman
35:51 Leather Archer Armor
35:48 Scale Mail Armor
35:59 Forging
40:02 Man-at-Arms
40:45 Long Swordsman
44:30 Imperial Age
42:38 Wheelbarrow
43:57 Chain Mail Armor
44:17 Iron Casting
46:20 Halberdier
50:31 Squires
51:04 Hand Cart
52:45 Blast Furnace
52:45 Bow Saw
52:29 Eagle Warrior
53:00 Horse Collar
57:04 Plate Mail Armor
56:20 Elite Eagle Warrior
58:09 Two-Handed Swordsman
60:11 Arson
Connection lost

Rejoining the realm…

Still unreachable

The connection could not be restored.

Session expired

The server has moved on; the page needs a fresh start.